 Dungeon Crawl Stone Soup version 0.31.0-9-g3a7656b989 (webtiles) character file.

Game seed: 13360186140085817269

78110 Dirian the Warrior (level 15, -2/155 HPs)
             Began as a Minotaur Fighter on Jan 24, 2024.
             Was a High Priest of Okawaru.
             Killed from afar by an Ice Fiend (17 damage)
             ... with a bolt of cold
             ... in an ice cave.
             The game lasted 00:32:32 (14394 turns).

Dirian the Warrior (Minotaur Fighter)              Turns: 14394, Time: 00:32:33

Health: -2/155     AC: 44    Str: 28    XL:     15   Next: 17%
Magic:  0/7        EV:  6    Int:  7    God:    Okawaru [*****.]
Gold:   1830       SH: 18    Dex: 10    Spells: 14/14 levels left

rFire   + + .        a - +6 broad axe of Sin {antimagic, +Blink}
rCold   + + .        U - +0 tower shield
rNeg    . . .        N - +12 gold dragon scales of Jettaex {rPois rF+ rC+ Will+ Int+2}
rPois   +            (helmet restricted)
rElec   +            G - +1 cloak {rCorr}
rCorr   +            m - +2 pair of gloves of the Heavens {Will++}
SInv    .            S - +0 pair of boots
Will    +++++        i - amulet of regeneration Stlth
                     K - +4 ring of protection
HPRegen 1.25/turn    Q - ring of willpower
MPRegen 0.10/turn

%: no passive effects
@: mighty, resistant, heroic, finesse-ful
A: horns 2, retaliatory headbutt
a: Renounce Religion, Evoke Blink, Heroism, Finesse, Duel


You were in an ice cave.
You worshipped Okawaru.
Okawaru was extremely pleased with you.
You visited 4 branches of the dungeon, and saw 18 of its levels.
You also visited: Bailey and Ice Cave.

You collected 2922 gold pieces.
You spent 1092 gold pieces at shops.

Inventory:

Hand Weapons
 a - the +6 broad axe of Sin (weapon) {antimagic, +Blink}
   (You acquired it on level 4 of the Dungeon)

   +Blink:    It lets you blink.
 b - a +2 hand axe of flaming
 M - a +5 antimagic broad axe
Missiles
 o - 19 boomerangs (quivered)
 s - a throwing net
 y - 9 silver javelins
 L - 3 javelins
Armour
 m - the +2 pair of gloves of the Heavens (worn) {Will++}
   (You bought it in a shop on level 8 of the Dungeon)

   Will++:    It greatly increases your willpower.
 G - a +1 cloak of preservation (worn)
 N - the +12 gold dragon scales of Jettaex (worn) {rPois rF+ rC+ Will+ Int+2}
   (Okawaru gifted it to you on level 2 of the Lair of Beasts)

   Int+2:     It affects your intelligence (+2).
   rF+:       It protects you from fire.
   rC+:       It protects you from cold.
   rPois:     It protects you from poison Will+: It increases your willpower.
 S - a +0 pair of boots (worn)
 U - a +0 tower shield (worn)
Jewellery
 i - an amulet of regeneration (around neck)
 B - the ring of Hairghest {rF- rC+ rN+ Dex+6}
   (You found it on level 7 of the Dungeon)

   [ring of dexterity]

   Dex+6:     It affects your dexterity (+6).
   rF-:       It makes you vulnerable to fire.
   rC+:       It protects you from cold.
   rN+:       It protects you from negative energy.
 K - a +4 ring of protection (left hand)
 Q - a ring of willpower (right hand)
 W - a ring of resist corrosion
Wands
 c - a wand of polymorph (13)
 p - a wand of mindburst (7)
 u - a wand of flame (30)
 v - a wand of digging (3)
 F - a wand of paralysis (32)
 J - a wand of quicksilver (5)
Scrolls
 e - 2 scrolls of fear
 g - 4 scrolls of poison
 l - a scroll of revelation
 r - 6 scrolls of identify
 t - 8 scrolls of teleportation
 z - 2 scrolls of blinking
 A - a scroll of enchant weapon
 E - a scroll of fog
 H - 2 scrolls of immolation
 V - 3 scrolls of enchant armour
Potions
 d - 4 potions of might
 f - 5 potions of mutation
 h - 9 potions of haste
 j - 6 potions of attraction
 k - 2 potions of lignification
 q - 6 potions of curing
 w - 4 potions of heal wounds
 x - 3 potions of brilliance
 C - 2 potions of invisibility
 D - a potion of experience
 I - 3 potions of enlightenment
Miscellaneous
 T - a lightning rod (4/4)


   Skills:
 + Level 19.8(24.8) Fighting
 - Level 14.0(19.0) Axes
 - Level 10.0(15.0) Throwing
 - Level 10.0(15.0) Armour
 + Level 12.1(17.1) Shields
 - Level 10.0 Invocations


You had 14 spell levels left.
You didn't know any spells.
Your spell library contained the following spells:

 Spells                   Type           Power      Damage    Failure   Level
 Kiss of Death            Conj/Necr      0%         2d5       100%        1
 Slow                     Hex            0%         N/A       100%        1
 Ensorcelled Hibernation  Hex/Ice        0%         N/A       100%        2
 Confusing Touch          Hex            0%         N/A       100%        3
 Fugue of the Fallen      Necr           0%         N/A       100%        3
 Sigil of Binding         Hex            0%         N/A       100%        3
 Vampiric Draining        Necr           0%         2d6       100%        3
 Volatile Blastmotes      Fire/Tloc      0%         2d10      100%        3
 Anguish                  Hex/Necr       0%         N/A       100%        4
 Dimensional Bullseye     Hex/Tloc       0%         N/A       100%        4
 Dispel Undead            Necr           0%         3d6       100%        4
 Fulminant Prism          Conj/Alch      0%         3d5       100%        4
 Iskenderun's Mystic Bla  Conj/Tloc      0%         2d3       100%        4
 Passage of Golubria      Tloc           0%         N/A       100%        4
 Borgnjor's Vile Clutch   Necr/Erth      0%         N/A       100%        5
 Yara's Violent Unravell  Hex/Alch       0%         3d3       100%        5
 Call Canine Familiar     Summ           Unusable   N/A       N/A         3
 Tukima's Dance           Hex            Unusable   N/A       N/A         3
 Animate Dead             Necr           Unusable   N/A       N/A         4
 Death Channel            Necr           Unusable   N/A       N/A         6

Dungeon Overview and Level Annotations

Branches:
Dungeon (10/15) Zot: 25988  Temple (0/1) D:6            Lair (5/5) D:9 Zot: 25406
 Shoals (0/4) Lair:3       Spider (1/4) Lair:2 Zot: 5985   Slime (0/5) Lair:5
    Orc (2/2) D:10 Zot: 10606     Elf (0/3) Orc:2        Bailey (visited)
  IceCv (1/1) Zot: 5712

Altars:
Cheibriados
Dithmenos
Elyvilon
Fedhas
Makhleb
Nemelex Xobeh
Okawaru
Qazlal
Ru
Sif Muna
Trog
Uskayaw
Wu Jian
Xom
Yredelemnul
Zin
The Shining One
Jiyva

Shops:
D:7 *   D:8 ***[   Orc:2 ([*:


Innate Abilities, Weirdness & Mutations

You have a pair of horns on your head.
You reflexively headbutt those who attack you in melee.


Message History

You slice the freezing wraith!!
You destroy the freezing wraith!
Okawaru accepts your kill.
There is an open door here.
You see here a +3 halberd of freezing.
There is an open door here.
There is an open door here.
You open the door.
There is an open door here.
There is a dry fountain here.
You open the door. 2 Ice Fiends come into view.
The Ice Fiend roars! x2
The Ice Fiend calls on the powers of darkness!
Your body is wracked with pain!
The Ice Fiend gestures at you.
The bolt of cold hits the Ice Fiend.
The Ice Fiend completely resists.
The bolt of cold hits you but does no damage.
Found six items.
You gain the combat prowess of a mighty hero.
The Ice Fiend gestures at you.
The bolt of cold hits the Ice Fiend.
The Ice Fiend completely resists.
The bolt of cold hits you! You resist.
You can now deal lightning-fast blows.
The Ice Fiend calls on the powers of darkness!
Your body is wracked with pain!
* * * LOW HITPOINT WARNING * * *
You feel much better.
You feel very mighty all of a sudden.
The Ice Fiend claws you but does no damage. x2
You feel protected. The Ice Fiend claws you! The Ice Fiend freezes you!
You resist.
* * * LOW HITPOINT WARNING * * *
The Ice Fiend claws you!
* * * LOW HITPOINT WARNING * * *
The Ice Fiend freezes you. You resist.
* * * LOW HITPOINT WARNING * * *
The Ice Fiend gestures at you. The bolt of cold hits you! You resist.
You die...

### ####⌠####
#..1@...#
#.##1##.# #
(?)#.# #.⌠.#.#
.#!?=#.##
####8.#####.8####
#...............#
#'######+######'#
#.#.'.......'.#.#


You could see 2 Ice Fiends.

Vanquished Creatures
  A stone giant (Orc:2)
  A very ugly thing (IceCv)
  The ghost of sentinel the Grappler, a journeyman TrFi of Okawaru (Lair:3)
  3 ettins (Orc:2)
  7 hydras
  An ice dragon (Spider:1)
  A catoblepas (Lair:5)
  5 caustic shrike simulacra (IceCv)
  Erolcha (Orc:2)
  2 two-headed ogres
  A boulder beetle (Lair:1)
  6 death yaks (Lair:5)
  A deep troll shaman (Lair:5)
  An orc high priest (Orc:2)
  2 skysharks (Lair:4)
  Sonja (Lair:3)
  Nergalle (Lair:3)
  A fire crab (Lair:3)
  Pikel (D:7)
  A lindwurm (Lair:4)
  2 obsidian statues (IceCv)
  3 orc knights
  9 cyclopes
  2 orc sorcerers
  A wolf spider (Spider:1)
  2 oklob plants
  4 black mambas
  A merfolk siren (Lair:3)
  19 elephants
  A kobold blastminer (Orc:1)
  Joseph (Lair:1)
  13 cane toads
  An ice statue (Spider:1)
  Maggie (D:7)
  8 komodo dragons
  3 rime drakes
  6 freezing wraiths (IceCv)
  A troll (D:9)
  2 polar bears (Lair:5)
  21 blink frogs
  18 dream sheep
  50 yaks
  A shadow (D:8)
  A wraith (D:10)
  2 ynoxinuls (D:9)
  A human (D:3)
  3 wargs
  5 wyverns
  8 basilisks
  4 vampire mosquitoes (D:6)
  2 steam dragons
  2 redbacks (Lair:2)
  A minotaur simulacrum (IceCv)
  3 hydra simulacra (IceCv)
  14 water moccasins
  Duvessa (D:7)
  An ice beast (D:7)
  16 orc warriors
  2 sky beasts (D:7)
  A black bear (Lair:1)
  3 ettin simulacra (IceCv)
  4 ogres
  18 wolves
  2 centaurs
  A lemure (D:7)
  5 phantoms
  A kobold brigand (D:7)
  15 bullfrogs
  A scorpion (D:5)
  A gnoll sergeant (D:9)
  3 deep troll simulacra (IceCv)
  13 wights
  Dowan (D:7)
  9 killer bees
  5 howler monkeys
  5 electric eels (D:9)
  A bombardier beetle (D:4)
  9 hounds
  16 orc priests
  4 gnoll boudas
  2 jellies
  An iguana (D:4)
  Natasha (D:3)
  23 orc wizards
  A sleepcap (D:5)
  17 hell rats
  31 gnolls
  9 adders
  3 white imps
  16 ufetubi
  A ribbon worm (D:2)
  2 dart slugs (D:1)
  116 orcs
  13 bats
  2 endoplasms
  4 giant cockroaches
  9 goblins
  12 hobgoblins
  26 jackals
  4 quokkas
  12 ball pythons
  3 frilled lizards
  A jackal skeleton (D:3)
  10 kobolds
  A kobold zombie (D:3)
  9 rats
722 creatures vanquished.

Notes
Turn   | Place    | Note
-------+----------+-------------------------------------------
     0 | D:1      | Dirian the Minotaur Fighter began the quest for the Orb.
     0 | D:1      | Reached XP level 1. HP: 19/19 MP: 0/0
    56 | D:1      | Reached XP level 2. HP: 24/27 MP: 1/1
   149 | D:1      | Reached skill level 4 in Fighting
   257 | D:1      | Reached XP level 3. HP: 31/33 MP: 2/2
   954 | D:2      | Reached XP level 4. HP: 41/41 MP: 3/3
  1649 | D:3      | Reached XP level 5. HP: 19/46 MP: 4/4
  1766 | D:3      | Reached skill level 5 in Axes
  1768 | D:3      | Reached XP level 6. HP: 52/53 MP: 5/5
  1827 | D:3      | Noticed a human
  1828 | D:3      | Found a runed translucent door.
  1832 | D:3      | Found a basalt altar of Yredelemnul.
  1853 | D:3      | Killed a human
  1934 | D:3      | Noticed Natasha
  1946 | D:3      | Killed Natasha
  2460 | D:4      | Reached skill level 5 in Fighting
  2689 | D:4      | Found an iron altar of Okawaru.
  2691 | D:4      | Found a shimmering blue altar of Sif Muna.
  2692 | D:4      | Found a shadowy altar of Dithmenos.
  2698 | D:4      | Found a bloodstained altar of Trog.
  2699 | D:4      | Found an ornate altar of the Wu Jian Council.
  2701 | D:4      | Found a sparkling altar of Nemelex Xobeh.
  2702 | D:4      | Found a shimmering altar of Xom.
  2706 | D:4      | Reached skill level 5 in Shields
  2706 | D:4      | Found a glowing golden altar of the Shining One.
  2718 | D:4      | Became a worshipper of Warmaster Okawaru
  2728 | D:4      | Found a hide-covered altar of Uskayaw.
  2729 | D:4      | Found a sacrificial altar of Ru.
  3003 | D:4      | Identified 2 scrolls of acquirement
  3003 | D:4      | Acquired the +6 broad axe of Sin {antimagic, +Blink}
  3009 | D:4      | Acquired 1099 gold pieces
  3029 | D:5      | Entered Level 5 of the Dungeon
  3093 | D:5      | Reached skill level 5 in Armour
  3093 | D:5      | Reached XP level 7. HP: 55/61 MP: 2/6
  3336 | D:5      | Reached * piety under Okawaru
  3546 | D:5      | Reached skill level 1 in Throwing
  3546 | D:5      | Reached skill level 1 in Invocations
  3755 | D:5      | Reached XP level 8. HP: 32/70 MP: 2/7
  4040 | D:6      | Reached skill level 6 in Fighting
  4056 | D:6      | Reached ** piety under Okawaru
  4107 | D:6      | Found a staircase to the Ecumenical Temple.
  4240 | D:6      | Reached skill level 10 in Axes
  4240 | D:6      | Reached XP level 9. HP: 58/78 MP: 0/10
  4567 | D:7      | Noticed Pikel
  4588 | D:7      | Killed Pikel
  4588 | D:7      | Reached *** piety under Okawaru
  4651 | D:7      | Found a white marble altar of Elyvilon.
  4698 | D:7      | Reached skill level 7 in Fighting
  4708 | D:7      | Found a snail-covered altar of Cheibriados.
  4708 | D:7      | Found Zin's Purification Station.
  4711 | D:7      | Found a glowing silver altar of Zin.
  4783 | D:7      | Identified the ring of Hairghest {rF- rC+ rN+ Dex+6}
  4862 | D:7      | Found a stormy altar of Qazlal.
  4862 | D:7      | Noticed Duvessa
  4865 | D:7      | Noticed Dowan
  4870 | D:7      | Killed Duvessa
  4874 | D:7      | Killed Dowan
  4895 | D:7      | Reached **** piety under Okawaru
  4896 | D:7      | Reached XP level 10. HP: 86/86 MP: 4/12
  5088 | D:7      | Noticed Maggie
  5096 | D:7      | Killed Maggie
  5286 | D:8      | Found Oruze's Assorted Antiques.
  5370 | D:8      | Reached skill level 5 in Throwing
  5374 | D:8      | Found Soesao's Antique Armour Shop.
  5455 | D:8      | Found Xehug's Hallowed Reliquary.
  5458 | D:8      | Noticed an angel
  5605 | D:8      | Found Hisar's Assorted Antiques.
  5611 | D:8      | Reached skill level 5 in Invocations
  5653 | D:8      | Found a flagged portal.
  5663 | Bailey   | Entered a bailey
  5848 | Bailey   | Noticed an orc knight
  5861 | Bailey   | Killed an orc knight
  6279 | D:8      | Bought a pair of fine gloves for 342 gold pieces
  6279 | D:8      | Identified the +2 pair of gloves of the Heavens {Will++}
                  | (You bought it in a shop on level 8 of the Dungeon)
  6279 | D:8      | Bought a brightly glowing chain mail for 342 gold pieces
  6279 | D:8      | Identified the +0 chain mail "Gaenk" {rF+ Regen+ Dex+4}
                  | (You bought it in a shop on level 8 of the Dungeon)
  6279 | D:8      | Bought a runed cloak for 270 gold pieces
  6443 | D:9      | Found a staircase to the Lair.
  6457 | D:9      | Reached skill level 8 in Fighting
  6807 | D:9      | Reached XP level 11. HP: 89/95 MP: 4/14
  7074 | D:10     | Entered Level 10 of the Dungeon
  7096 | D:10     | Found a blossoming altar of Fedhas.
  7214 | D:10     | Found a staircase to the Orcish Mines.
  7434 | D:10     | Noticed a two-headed ogre
  7440 | D:10     | Reached skill level 9 in Fighting
  7450 | D:10     | Killed a two-headed ogre
  7984 | Lair:1   | Entered Level 1 of the Lair of Beasts
  8058 | Lair:1   | Reached ***** piety under Okawaru
  8080 | Lair:1   | Reached skill level 10 in Fighting
  8205 | Lair:1   | Noticed a boulder beetle
  8214 | Lair:1   | Killed a boulder beetle
  8234 | Lair:1   | Reached skill level 10 in Armour
  8242 | Lair:1   | Reached XP level 12. HP: 95/108 MP: 5/16
  8303 | Lair:1   | Received a gift from Okawaru
  8306 | Lair:1   | Reached skill level 11 in Fighting
  8516 | Lair:1   | Noticed Joseph
  8527 | Lair:1   | Killed Joseph
  8645 | Lair:2   | Noticed a six-headed hydra
  8657 | Lair:2   | Killed a one-headed hydra
  8658 | Lair:2   | Reached skill level 12 in Fighting
  8837 | Lair:2   | Found a hole to the Spider Nest.
  8921 | Lair:2   | Reached skill level 13 in Fighting
  8961 | Lair:2   | Reached ****** piety under Okawaru
  8961 | Lair:2   | Received a gift from Okawaru
  8968 | Lair:2   | Acquired a +5 antimagic broad axe
  8968 | Lair:2   | Received a gift from Okawaru
  8969 | Lair:2   | Acquired the +12 gold dragon scales of Jettaex {rPois rF+
                  | rC+ Will+ Int+2}
  8969 | Lair:2   | Received a gift from Okawaru
  8984 | Lair:2   | Found a sparkling altar of Nemelex Xobeh.
  9584 | Lair:3   | Noticed Sonja
  9595 | Lair:3   | Killed Sonja
  9596 | Lair:3   | Reached skill level 14 in Fighting
  9608 | Lair:3   | Found a runed translucent door.
  9610 | Lair:3   | Noticed sentinel's ghost (journeyman TrFi)
  9693 | Lair:3   | Reached XP level 13. HP: 124/124 MP: 6/18
  9910 | Lair:3   | Found a staircase to the Shoals.
  9941 | Lair:3   | Reached skill level 15 in Fighting
  9942 | Lair:3   | Received a gift from Okawaru
 10033 | Lair:3   | Noticed Nergalle
 10049 | Lair:3   | Killed Nergalle
 10489 | Lair:3   | Killed sentinel's ghost
 10592 | Lair:4   | Received a gift from Okawaru
 10597 | Lair:4   | Reached skill level 16 in Fighting
 10845 | Lair:4   | Received a gift from Okawaru
 10846 | Lair:4   | Reached skill level 10 in Throwing
 11338 | Lair:5   | Entered Level 5 of the Lair of Beasts
 11357 | Lair:5   | Reached skill level 17 in Fighting
 11364 | Lair:5   | Reached skill level 10 in Invocations
 11378 | Lair:5   | Identified the +0 robe "Uroteg" {rF+ Will- Str+7}
 11389 | Lair:5   | Found a viscous altar of Jiyva.
 11413 | Lair:5   | Received a gift from Okawaru
 11422 | Lair:5   | Reached XP level 14. HP: 119/140 MP: 6/20
 11614 | Lair:5   | Found a staircase to the Slime Pits.
 11724 | Lair:5   | Reached skill level 18 in Fighting
 11816 | Lair:5   | Received a gift from Okawaru
 12541 | Orc:1    | Entered Level 1 of the Orcish Mines
 13042 | Orc:2    | Entered Level 2 of the Orcish Mines
 13050 | Orc:2    | Found a staircase to the Elven Halls.
 13056 | Orc:2    | Received a gift from Okawaru
 13089 | Orc:2    | Noticed a stone giant
 13090 | Orc:2    | Found Wiuxzy's General Store.
 13091 | Orc:2    | Noticed Erolcha
 13102 | Orc:2    | Killed a stone giant
 13106 | Orc:2    | Killed Erolcha
 13155 | Orc:2    | Bought a scroll of revelation for 90 gold pieces
 13155 | Orc:2    | Bought a scroll of fear for 48 gold pieces
 13173 | Orc:2    | Found Busag's Antique Weapon Boutique.
 13181 | Orc:2    | Reached skill level 19 in Fighting
 13181 | Orc:2    | Reached skill level 10 in Shields
 13260 | Orc:1    | Received a gift from Okawaru
 13500 | Orc:2    | Found Ywneguvu's Antique Armour Boutique.
 13544 | Orc:2    | Found Masofu's Book Boutique.
 13800 | Orc:2    | Found a burning altar of Makhleb.
 14073 | Spider:1 | Entered Level 1 of the Spider Nest
 14073 | Spider:1 | Found a glacial archway.
 14093 | IceCv    | Entered an ice cave
 14116 | IceCv    | Reached XP level 15. HP: 154/154 MP: 7/21
 14295 | IceCv    | Received a gift from Okawaru
 14389 | IceCv    | Noticed an Ice Fiend
 14389 | IceCv    | Noticed an Ice Fiend
 14394 | IceCv    | Killed from afar by an Ice Fiend

Illustrated notes

Levels and vault maps discovered:
D:1:      lightli_arrival_windingriver, layout_basic
D:2:      minmay_skewed_foursquare, layout_loops_cross,
          minmay_fractal_squares_gapless_5
D:3:      layout_basic, dk_yredelemnul_ordeal, uniq_natasha
D:4:      layout_loops_corners, nicolae_overflow_hallway_of_the_gods,
          kennysheep_potato
D:5:      layout_loops_ring
D:6:      layout_loops_ring, minmay_temple_entry_tees
D:7:      layout_rooms, elyvilon_altar_1, mainiacjoe_overflow_alcove_1,
          mainiacjoe_overflow_six_doors_small, zin_purify, grunt_ministairs_4,
          uniq_maggie, uniq_pikel, uniq_duvessa
D:8:      layout_loops_ring, enter_bailey_3, serial_shops, shop,
          nicolae_shop_rolling_square, nicolae_shop_waterfront,
          nicolae_good_shop
D:9:      layout_irregular_city, erik_lair_island, nicolae_fort_ynox
D:10:     layout_irregular_city, fedhas_ov_isle_minmay, hiddenorc2_lemuel
Lair:1:   beast_lair_carwin_large_4, layout_concentric_octagons,
          cheibrodos_lair_caveside_slide, uniq_joseph
Lair:2:   layout_regular_city, spider_nest_entry_webs, st_stairs_9,
          chequers_serial_rivers_micro_e, lemuel_oklob_altar, lemuel_fruit_tree,
          lemuel_fruit_fields
Lair:3:   layout_small_grid, elwin_shoals_entry_rooms, gammafunk_ghost_grave,
          grunt_forest_large_clearings, serial_bayou_shore_b, uniq_sonja,
          uniq_nergalle
Lair:4:   layout_loops_ring, minivault_11, infiniplex_staircase_pool
Lair:5:   grunt_lair_end_beastmaster, layout_misc_corridors, slime_entry_1
Spider:1: layout_spider_delve, portal_ice_cave_entry_ice_statue_two,
          gammafunk_ghost_mausoleum
Orc:1:    layout_diamond_mine
Orc:2:    grunt_orc_gardens, layout_caves, grunt_orc_garden, grunt_orc_garden,
          grunt_orc_garden, grunt_orc_garden, david_defended_altar_orc,
          uniq_erolcha
IceCv:    ice_cave_tombish

Skill      XL: |  1  2  3  4  5  6  7  8  9 10 11 12 13 14 15 |
---------------+----------------------------------------------+-----
Fighting       | 4 5 6 7 8 10 14 17 19 | 19.8
Armour         | 4 5 6 7 8 10 | 10.0
Shields        | 4 5 11 12 | 12.1
Axes           | 3 4 5 6 8 10 11 13 14 | 14.0
Throwing       | 1 3 4 6 7 9 10 | 10.0
Invocations    | 1 3 4 5 7 8 10 | 10.0

Action                     |  1- 3 |  4- 6 |  7- 9 | 10-12 | 13-15 || total
---------------------------+-------+-------+-------+-------+-------++-------
  Melee: War axe           |   102 |   178 |       |       |       ||   280
         Headbutt          |    10 |    27 |    33 |   113 |   185 ||   368
         Broad axe         |       |    11 |   216 |   584 |   619 ||  1430
         Hand axe          |       |       |       |    10 |    35 ||    45
  Throw: Boomerang         |       |       |       |    34 |     2 ||    36
 Invoke: Heroism           |       |       |     2 |    12 |    13 ||    27
         Receive Weapon    |       |       |       |     1 |       ||     1
         Receive Armour    |       |       |       |     1 |       ||     1
         Finesse           |       |       |       |       |     1 ||     1
    Use: Potion            |       |     1 |       |     1 |     4 ||     6
         Scroll            |       |    12 |     3 |     8 |     5 ||    28
   Stab: Petrified         |       |       |       |       |    11 ||    11
 Armour: Scale mail        |    71 |     6 |       |       |       ||    77
         Chain mail        |       |   142 |   180 |   451 |       ||   773
         Gold dragon scale |       |       |       |     9 |   686 ||   695
  Dodge: Dodged            |    63 |    77 |    78 |   225 |    92 ||   535
  Block: Buckler           |    40 |    50 |    58 |   164 |       ||   312
         Tower shield      |       |       |       |    13 |   588 ||   601
